 Dungeon Crawl Stone Soup version 0.29.1 (webtiles) character file.

Game seed: 17225975000786373196

258 Ijustatesigmund the Trooper (level 6, -4/41 HPs)
             Began as a Gargoyle Fighter on Sept 13, 2022.
             Killed by divine providence
             ... invoked by an orc priest
              (15 damage)
             ... on level 3 of the Dungeon.
             The game lasted 00:03:59 (2716 turns).

Ijustatesigmund the Trooper (Gargoyle Fighter)      Turns: 2716, Time: 00:04:00

Health: -4/41      AC: 23    Str: 19    XL:     6   Next: 16%
Magic:  6/6        EV:  7    Int: 11    God:
Gold:   114        SH:  4    Dex:  9    Spells: 5/5 levels left

rFire   . . .      SeeInvis .   a - +1 flail
rCold   . . .      Faith    .   c - +0 buckler
rNeg    + . .      Spirit   .   b - +0 chain mail
rPois   ∞          Reflect  .   j - +0 helmet
rElec   +          Harm     .   e - +0 cloak
rCorr   .          Rampage  .   i - +1 pair of gloves
Will    .....                   l - +0 pair of boots
Stlth   ..........              (no amulet)
HPRegen 0.13/turn               d - +4 ring of protection
MPRegen 0.10/turn               (no ring)

@: no status effects
A: sickness immunity, AC +4, negative energy resistance 1, electricity
resistance, torment resistance 1, petrification resistance
a: no special abilities


You were on level 3 of the Dungeon.
You visited 1 branch of the dungeon, and saw 3 of its levels.

You collected 114 gold pieces.

Inventory:

Hand Weapons
 a - a +1 flail (weapon)
Armour
 b - a +0 chain mail (worn)
 c - a +0 buckler (worn)
 e - a +0 cloak (worn)
 i - a +1 pair of gloves (worn)
 j - a +0 helmet (worn)
 l - a +0 pair of boots (worn)
Jewellery
 d - a +4 ring of protection (left hand)
Potions
 f - 2 potions of cancellation
 h - 2 potions of brilliance {unknown}
 k - 2 potions of curing {unknown}
 m - a potion of resistance {unknown}
 n - a potion of haste {unknown}
 o - 2 potions of mutation {unknown}


   Skills:
 + Level 5.6 Fighting
 + Level 4.6 Maces & Flails
 + Level 3.3 Armour
 - Level 3.2 Shields


You had 5 spell levels left.
You didn't know any spells.
Your spell library contained the following spells:

 Spells                   Type           Power      Damage    Failure   Level
 Foxfire                  Conj/Fire      0%         2x1d4     99%         1
 Conjure Flame            Conj/Fire      0%         6-21      100%        3
 Inner Flame              Hex/Fire       0%         N/A       100%        3
 Portal Projectile        Hex/Tloc       0%         N/A       100%        3
 Tukima's Dance           Hex            0%         N/A       100%        3
 Flame Wave               Conj/Fire      0%         2d4       100%        4
 Blade Hands              Tmut           0%         N/A       100%        5


Dungeon Overview and Level Annotations

Branches:
Dungeon (3/15)

Altars:
Okawaru


Innate Abilities, Weirdness & Mutations

You are immune to sickness and miasma.
Your stone body is resilient. (AC +4)
You are immune to poison.
You resist negative energy. (rN+)
You are resistant to electric shocks. (rElec)
You are resistant to unholy torment.
You are immune to petrification.


Message History

The orc priest shouts!
The bat closely misses you. The bat hits you but does no damage.
An orc comes into view. It is wielding a +0 club.
The bat hits you but does no damage.
You barely miss the bat. The bat closely misses you.
You barely miss the worm. The bat hits you but does no damage.
The orc priest looks encouraged for a moment.
The bat hits you but does no damage.
You sock the worm!
The worm is severely wounded.
You block the bat's attack. The worm bites you but does no damage.
The orc closely misses you.
You sock the worm!
You kill the worm!
The bat hits you but does no damage. The orc closely misses you.
The bat hits you but does no damage.
You barely miss the orc. The bat hits you but does no damage. x2
The orc hits you but does no damage.
The orc priest mumbles some strange prayers to Beogh against you.
Beogh smites you!
You closely miss the orc. The bat completely misses you.
The orc barely misses you.
The orc priest calls down the wrath of Beogh upon you.
Beogh smites you!
* * * LOW HITPOINT WARNING * * *
You are too injured to fight recklessly!
You are too injured to fight recklessly!
You are too injured to fight recklessly!
You are too injured to fight recklessly!
You are too injured to fight recklessly!
You are too injured to fight recklessly!
You are too injured to fight recklessly!
You are too injured to fight recklessly!
You are too injured to fight recklessly!
You are too injured to fight recklessly!
You are too injured to fight recklessly!
The bat hits you but does no damage.
The orc priest calls down the wrath of Beogh upon you.
Beogh smites you!
You die...

...# #.###*≈###..##...## #.##.._
...###...####.#..###### #..#.).
...##..........#...### #......
..##............##...# *#...##
................####.# ###...#
...#..[.........# #.## #......
...##..........#####..## #......
..####...##........##..####....##
.## ######.....@..###.........#
## #####..####b'#*##........#
#######......#..o.†...#####....#
........÷....#.##o.##.# #....#
####....###..#,*8oo8*,# #....#
.....#### ####,,.o...,* #....#
.....# *,..?....* #.#### .....#
*,#8..8#.# #.# ######
*,##..##.#****,*


You could see 2 orc priests, 2 orcs and a bat.

Vanquished Creatures
  Grinder (D:3)
  3 worms
  An orc (D:3)
  6 ball pythons
  2 endoplasms
  A giant cockroach (D:1)
  4 goblins
  3 hobgoblins
  4 jackals
  4 kobolds
  3 quokkas
  3 bats
  3 frilled lizards
  6 rats
44 creatures vanquished.

Notes
Turn   | Place    | Note
-------+----------+-------------------------------------------
     0 | D:1      | Ijustatesigmund the Gargoyle Fighter began the quest for
                  | the Orb.
     0 | D:1      | Reached XP level 1. HP: 14/14 MP: 1/1
   277 | D:1      | Found a faded altar of an unknown god.
   307 | D:1      | Reached XP level 2. HP: 15/19 MP: 2/2
  1674 | D:2      | Reached XP level 3. HP: 24/24 MP: 3/3
  1681 | D:2      | Reached skill level 4 in Fighting
  2502 | D:3      | Noticed Grinder
  2512 | D:3      | Killed Grinder
  2513 | D:3      | Reached skill level 5 in Fighting
  2513 | D:3      | Reached XP level 4. HP: 29/31 MP: 4/4
  2513 | D:3      | Reached XP level 5. HP: 33/36 MP: 5/5
  2513 | D:3      | Reached XP level 6. HP: 37/40 MP: 6/6
  2663 | D:3      | Found an iron altar of Okawaru.
  2716 | D:3      | Killed from afar by an orc priest

Illustrated notes

Levels and vault maps discovered:
D:1:      minmay_arrival_shattered_statue, layout_loops_ring,
          ebering_ecumenical_altar_mist
D:2:      layout_basic, minivault_26
D:3:      layout_rooms, kennysheep_orc_sif_temple, okawaru_ov_weapons_minmay,
          kennysheep_generic_room_5, uniq_grinder

Skill      XL: |  1  2  3 |
---------------+----------+-----
Fighting       | 5 |  5.6
Maces & Flails | 4 |  4.6
Armour         | |  3.3
Shields        | |  3.2

Action                   |  1- 3 |  4- 6 || total
-------------------------+-------+-------++-------
Melee: Flail             |   105 |     9 ||   114
  Use: Scroll            |     7 |     1 ||     8
       Potion            |     2 |       ||     2
Armor: Scale mail        |    11 |       ||    11
       Chain mail        |    46 |    13 ||    59
Dodge: Dodged            |    41 |     6 ||    47
Block: Buckler           |    16 |     1 ||    17
